 Dungeon Crawl Stone Soup version 0.30-b1-2-g02819fbbbe (webtiles) character file.

Game seed: 5077121908356520280

106011 raph the Scorcher (level 15, -4/103 HPs)
             Began as a Deep Elf Fire Elementalist on Aug 22, 2023.
             Was the Champion of Elyvilon.
             Slain by a dire elephant simulacrum (8 damage)
             ... summoned by an orange crystal statue
             ... in an ice cave.
             The game lasted 01:10:35 (38590 turns).

raph the Scorcher (Deep Elf Fire Elementalist)     Turns: 38590, Time: 01:10:35

Health: -4/103     AC: 17    Str:  5    XL:     15   Next: 96%
Magic:  22/40      EV: 16    Int: 34    God:    Elyvilon [******]
Gold:   50         SH:  0    Dex: 15    Spells: 0/41 levels left

rFire   + . .        a - +3 Elemental Staff {rElec rF+ rC+ AC+3}
rCold   + + .        C - +0 buckler
rNeg    . . .        G - +3 steam dragon scales
rPois   .            c - +0 helmet
rElec   +            s - +1 cloak
rCorr   .            x - +0 pair of gloves
SInv    .            F - +1 pair of boots {Fly}
Will    +....        (no amulet)
Stlth   +            f - ring of protection from cold
HPRegen 0.37/turn    d - +6 ring of intelligence
MPRegen 0.27/turn

%: no passive effects
@: confused, divinely vigorous, flying, slowed, very slow
A: no striking features
a: Renounce Religion, Purification, Heal Other, Heal Self, Divine Vigour


You were in an ice cave.
You worshipped Elyvilon.
Elyvilon was exalted by your worship.
You visited 3 branches of the dungeon, and saw 21 of its levels.
You visited 1 bazaar.
You also visited: Ice Cave and Volcano.

You collected 2895 gold pieces.
You spent 2845 gold pieces at shops.

Inventory:

Hand Weapons
 a - the +3 Elemental Staff (weapon) {rElec rF+ rC+ AC+3}
   (You took it off a deep elf pyromancer on level 9 of the Dungeon)

   It enhances your fire, ice, earth and air magic.
   AC:        It affects your AC (+3).
   rF:        It protects you from fire.
   rC:        It protects you from cold.
   rElec:     It insulates you from electricity.
 p - a +3 short sword of electrocution
Missiles
 w - 61 poisoned darts
 E - 5 curare-tipped darts
Armour
 c - a +0 helmet (worn)
 s - a +1 cloak (worn)
 x - a +0 pair of gloves (worn)
 C - a +0 buckler (worn)
 F - a +1 pair of boots of flying (worn)
 G - +3 steam dragon scales (worn)
Magical Staves
 L - a staff of fire
Jewellery
 d - a +6 ring of intelligence (right hand)
 f - a ring of protection from cold (left hand)
 R - a +4 ring of slaying
 T - a ring of ice
Wands
 i - a wand of polymorph (1)
 m - a wand of flame (65)
 v - a wand of digging (14)
 B - a wand of mindburst (9)
 J - a wand of iceblast (17)
 O - a wand of charming (9)
 S - a wand of acid (8)
Scrolls
 b - 4 scrolls of identify
 n - a scroll of silence
 o - 2 scrolls of amnesia
 r - 2 scrolls of magic mapping
 y - 2 scrolls of fear
 N - 8 scrolls of teleportation
 P - 3 scrolls of fog
 X - 2 scrolls of enchant weapon
 Z - a scroll of blinking
Potions
 e - 4 potions of might
 g - 5 potions of brilliance
 h - 6 potions of curing
 j - a potion of cancellation
 k - 5 potions of heal wounds
 l - 5 potions of attraction
 q - a potion of invisibility
 t - 2 potions of flight
 z - 3 potions of lignification
 A - 5 potions of mutation
 D - 3 potions of ambrosia
 M - 3 potions of resistance
 Q - a potion of berserk rage
 U - 4 potions of haste
 V - 2 potions of magic
Miscellaneous
 I - a tin of tremorstones (2/2)
 Y - a lightning rod (4/4)


   Skills:
 - Level 7.1 Fighting
 - Level 1.3 Staves
 - Level 10.6 Dodging
 - Level 2.4 Stealth
 - Level 4.6 Shields
 - Level 13.9 Spellcasting
 - Level 10.2 Conjurations
 + Level 18.6 Fire Magic
 - Level 4.0 Ice Magic
 - Level 10.7 Air Magic
 - Level 9.4 Invocations
 - Level 1.5 Evocations


You couldn't memorise any spells.
You knew the following spells:

 Your Spells              Type           Power      Damage    Failure   Level
a - Foxfire               Conj/Fire      100%       2x1d9     0%          1
b - Scorch                Fire           100%       2d9       0%          2
c - Inner Flame           Hex/Fire       92%        N/A       1%          3
d - Volatile Blastmotes   Fire/Tloc      100%       2d18      1%          3
e - Sticky Flame          Conj/Fire      100%       2d11      1%          4
f - Flame Wave            Conj/Fire      100%       2d21      1%          4
g - Blink                 Tloc           46%        N/A       4%          2
h - Stone Arrow           Conj/Erth      100%       3d13      1%          3
i - Freezing Cloud        Conj/Ice/Air   55%        6-21      2%          5
j - Plasma Beam           Fire/Air       67%        2x1d92    1%          6
k - Ignition              Fire           61%        3d17      10%         8

Your spell library contained the following spells:

 Spells                   Type           Power      Damage    Failure   Level
 Freeze                   Ice            100%       1d10      1%          1
 Kiss of Death            Conj/Necr      100%       2d13      1%          1
 Magic Dart               Conj           100%       1d8       1%          1
 Cigotuvi's Dreadful Rot  Necr/Pois/Air  100%       N/A       1%          2
 Ensorcelled Hibernation  Hex/Ice        100%       N/A       1%          2
 Momentum Strike          Conj/Tloc      100%       3d10      1%          2
 Poisonous Vapours        Pois/Air       100%       N/A       1%          2
 Searing Ray              Conj           100%       2d8       1%          2
 Dazzling Flash           Conj/Hex       100%       N/A       1%          3
 Frozen Ramparts          Ice            100%       1d16      1%          3
 Hailstorm                Conj/Ice       83%        3d17      1%          3
 Ignite Poison            Fire/Tmut/Pois 78%        N/A       1%          3
 Mephitic Cloud           Conj/Pois/Air  82%        N/A       1%          3
 Ozocubu's Armour         Ice            66%        N/A       1%          3
 Swiftness                Air            98%        N/A       1%          3
 Vhi's Electric Charge    Tloc/Air       100%       N/A       1%          3
 Arcjolt                  Conj/Air       48%        1d58      1%          5
 Fireball                 Conj/Fire      55%        3d21      1%          5
 Starburst                Conj/Fire      55%        6d15      1%          6
 Slow                     Hex            92%        N/A       3%          1
 Fulminant Prism          Conj/Hex       27%        3d14      3%          4
 Iskenderun's Mystic Bla  Conj/Tloc      55%        2d12      3%          4
 Summon Lightning Spire   Summ/Air       74%        N/A       3%          4
 Call Imp                 Summ           46%        N/A       4%          2
 Lesser Beckoning         Tloc           46%        N/A       4%          2
 Passwall                 Tmut/Erth      29%        N/A       4%          2
 Sublimation of Blood     Necr           23%        N/A       4%          2
 Wereblood                Tmut           23%        N/A       4%          2
 Confusing Touch          Hex            23%        N/A       9%          3
 Vampiric Draining        Necr           23%        2d7       9%          3
 Ice Form                 Ice/Tmut       54%        N/A       13%         4
 Summon Ice Beast         Ice/Summ       54%        N/A       13%         4
 Animate Armour           Summ/Erth      70%        N/A       30%         4
 Dispel Undead            Necr           23%        3d12      30%         4
 Simulacrum               Ice/Necr       27%        N/A       90%         6
 Eringya's Noxious Bog    Tmut/Pois      11%        N/A       99%         6
 Summon Hydra             Summ           11%        N/A       100%        7
 Lehudib's Crystal Spear  Conj/Erth      36%        10d9      100%        8


Dungeon Overview and Level Annotations

Branches:
Dungeon (14/15)            Temple (0/1) D:7            Lair (5/5) D:11
 Shoals (0/4) Lair:2        Snake (0/4) Lair:3        Slime (0/5) Lair:5
    Orc (2/2) D:11            Elf (0/3) Orc:2        Vaults (0/5) D:14
  IceCv (1/1)             Volcano (visited)

Altars:
Ashenzari
Dithmenos
Elyvilon
Fedhas
Hepliaklqana
Kikubaaqudgha
Qazlal
Ru
Trog
Uskayaw
Jiyva
Lugonu

Shops:
D:2 ?   D:3 *   D:12 (   D:13 *   Orc:2 ((:!

Portals:
Abyss: Lair:5

Annotations:
Lair:1 3 runed translucent doors, harpo's ghost, journeyman MiFi; rinqtmith's ghost, journeyman TrFi
Lair:3 Rupert
Lair:4 exclusion: oklob plant IceCv 1 transporter, exclusion: orange crystal statue


Message History

You're too confused to cast spells.
Unknown command.
You feel better.
You block the white very ugly thing's attack.
The orange crystal statue glitters.
The white very ugly thing misses you.
The white very ugly thing stings you but does no damage.
Casting: Flame Wave (safe; 1% risk of failure)
Confirm with . or Enter, or press ? or * to list all spells.
Aiming: Stone Arrow (safe; 1% risk of failure)
Press: ? - help, Shift-Dir - straight line, f - white very ugly thing
Aim: a white very ugly thing (severely wounded, 78% to hit)
Okay, then.
Casting: Stone Arrow (safe; 1% risk of failure)
Confirm with . or Enter, or press ? or * to list all spells.
Casting: Flame Wave (safe; 1% risk of failure)
Press: ? - help, Dir - look around, f - activate You feel a surge of power!
A wave of flame ripples out!
The flame wave engulfs the white very ugly thing!!
The white very ugly thing is almost dead.
The flame wave engulfs the dire elephant simulacrum!
The dire elephant simulacrum melts!
The dire elephant simulacrum is moderately damaged.
The flame wave engulfs the lindwurm simulacrum!!
The lindwurm simulacrum melts!
The lindwurm simulacrum vaporises!
You hear a sizzling sound! (Press . to intensify the flame waves.)
You block the white very ugly thing's attack.
The dire elephant simulacrum tramples you!!
* * * LOW HITPOINT WARNING * * *
You are shoved backwards!
The orange crystal statue glitters.
You are confused.
The white very ugly thing stings you!
* * * LOW HITPOINT WARNING * * *
The white very ugly thing freezes you! You resist.
Elyvilon protects you from harm!
The dire elephant simulacrum tramples you!
You die...

##...........##
#.............#
#....8...8....#
#.............#
##.....[[....##
#...[.©.(...#
##...8©8...##
###########
##8..@..8##
#8...Zu..8#
#8....Z....8#
#.....!|?.....#
#∩...?|8[[...©#
###############


You could see a white very ugly thing, an orange crystal statue, a dire elephant
simulacrum (summoned) and an ettin simulacrum (summoned).

Vanquished Creatures
  Kirke (D:12)
  Frances (D:14)
  2 orc warlords
  A red draconian (Volcano)
  A very ugly thing (IceCv)
  Snorg (D:11)
  2 ettins
  Josephine (D:10)
  An ice dragon (D:14)
  Fannar (D:12)
  4 hydras
  2 centaur warriors (D:14)
  A death knight (D:13)
  An ogre mage (Volcano)
  3 boulder beetles
  10 two-headed ogres
  A death yak (Lair:3)
  A tengu warrior (D:13)
  5 thrashing horrors
  2 orc high priests
  The ghost of diceflayer the Fighter, a novice DsGl of Okawaru (D:7)
  Sonja (Lair:3)
  A skyshark (Lair:4)
  A swamp dragon (shapeshifter) (Lair:5)
  A wizard (D:14)
  2 deep elf pyromancers
  A lindwurm (Lair:4)
  2 ugly things
  A salamander (shapeshifter) (Lair:5)
  4 orc sorcerers
  13 orc knights
  3 cyclopes
  A large abomination (Lair:5)
  2 manticores
  11 elephants
  Maurice (Orc:1)
  3 ice statues
  7 black mambas
  A torpor snail (Lair:3)
  10 cane toads
  5 gargoyles
  6 komodo dragons
  An unseen horror (D:10)
  2 freezing wraiths (IceCv)
  2 rime drakes (D:9)
  An anaconda simulacrum (IceCv)
  5 kobold demonologists
  A tengu conjurer (D:13)
  A golden dragon simulacrum (IceCv)
  2 ancient zymes (Lair:5)
  4 trolls
  5 polar bears
  A hornet (Lair:1)
  47 blink frogs
  A raiju (D:9)
  8 saltlings (Orc:2)
  A snapping turtle (Lair:2)
  6 dream sheep (Lair:5)
  44 yaks
  3 vampires
  A ynoxinul (Lair:5)
  6 slime creatures
  A wyvern (Lair:3)
  3 shadows
  5 hogs (D:12)
  3 spriggans
  8 wraiths
  3 fire elementals
  3 steam dragons
  9 basilisks
  4 chaos spawn (Lair:5)
  A warg (Orc:2)
  Grum (D:11)
  A harpy simulacrum (IceCv)
  7 vampire mosquitoes
  16 humans (D:14)
  3 acid dragons
  A hydra simulacrum (IceCv)
  12 water moccasins
  2 ice beasts
  35 orc warriors
  An ice beast (shapeshifter) (Lair:5)
  4 sky beasts (D:7)
  2 alligator simulacra (IceCv)
  8 black bears
  10 ogres
  8 small abominations (Lair:5)
  9 wolves
  4 centaurs
  A phantom (D:5)
  8 kobold brigands
  17 bullfrogs
  4 scorpions
  3 gnoll sergeants
  10 wights
  4 killer bees (D:9)
  2 lindwurm simulacra (IceCv)
  An electric eel (Lair:2)
  11 howler monkeys
  3 jellies
  22 orc priests
  18 hounds
  3 gnoll boudas
  3 sleepcaps
  Jessica (D:2)
  6 iguanas
  Natasha (D:2)
  Terence (D:2)
  27 orc wizards
  14 gnolls
  6 adders
  2 white imps
  An ufetubus (D:4)
  A worm (D:3)
  4 dart slugs
  50 orcs
  A ball python (D:4)
  2 bats
  An endoplasm (D:2)
  4 giant cockroaches
  7 goblins
  3 hobgoblins
  6 jackals
  18 kobolds
  2 quokkas
  3 frilled lizards
  6 rats
  8 bushes
  7 pillars of salt (Orc:2)
718 creatures vanquished.

Vanquished Creatures (collateral kills)
  15 foxfires
15 creatures vanquished.

Vanquished Creatures (others)
  A yak (D:7)
  A human (D:12)
  1504 foxfires
  79 fungi
  16 pillars of salt (Orc:2)
  63 plants
  6 withered plants (Lair:1)
1670 creatures vanquished.

Grand Total: 2403 creatures vanquished

Notes
Turn   | Place    | Note
-------+----------+-------------------------------------------
     0 | D:1      | raph the Deep Elf Fire Elementalist began the quest for the
                  | Orb.
     0 | D:1      | Reached XP level 1. HP: 10/10 MP: 6/6
   244 | D:1      | Reached XP level 2. HP: 15/15 MP: 2/8
   315 | D:1      | Learned a level 2 spell: Scorch
   487 | D:1      | Found a faded altar of an unknown god.
   681 | D:2      | Noticed Jessica
   686 | D:2      | Killed Jessica
   687 | D:2      | Reached XP level 3. HP: 19/19 MP: 4/9
  1001 | D:2      | Found Fetwume's Magic Scroll Emporium.
  1005 | D:2      | Bought a scroll of identify for 24 gold pieces
  1005 | D:2      | Bought a scroll of identify for 24 gold pieces
  1014 | D:2      | Learned a level 3 spell: Inner Flame
  1219 | D:2      | Noticed Natasha
  1226 | D:2      | Killed Natasha
  1227 | D:2      | Reached XP level 4. HP: 23/24 MP: 1/10
  1265 | D:2      | Noticed Terence
  1268 | D:2      | Killed Terence
  1389 | D:2      | Reached skill level 5 in Conjurations
  1625 | D:3      | Found Ettosk's General Store.
  1629 | D:3      | Bought a scroll of fear for 56 gold pieces
  1703 | D:3      | Found a bloodstained altar of Trog.
  1805 | D:3      | Found a white marble altar of Elyvilon.
  1839 | D:3      | Became a worshipper of Elyvilon the Healer
  1965 | D:3      | Reached XP level 5. HP: 28/28 MP: 3/11
  1971 | D:3      | Learned a level 3 spell: Volatile Blastmotes
  2150 | D:3      | Found an ancient bone altar of Kikubaaqudgha.
  2307 | D:3      | Found a shadowy altar of Dithmenos.
  2360 | D:3      | Reached * piety under Elyvilon
  2450 | D:3      | Found a broken altar of Ashenzari.
  2451 | D:3      | Found a blossoming altar of Fedhas.
  2761 | D:4      | Noticed a black bear
  2852 | D:4      | Killed a black bear
  2853 | D:4      | Reached skill level 1 in Invocations
  3332 | D:4      | Reached skill level 1 in Fighting
  3332 | D:4      | Reached XP level 6. HP: 31/34 MP: 10/13
  3393 | D:4      | Found a stormy altar of Qazlal.
  3651 | D:4      | Reached skill level 4 in Fire Magic
  3831 | D:4      | Learned a level 4 spell: Sticky Flame
  3889 | D:4      | Found a sacrificial altar of Ru.
  4260 | D:5      | Entered Level 5 of the Dungeon
  4268 | D:5      | Reached ** piety under Elyvilon
  4299 | D:5      | Reached XP level 7. HP: 39/39 MP: 7/15
  5346 | D:5      | Reached skill level 5 in Spellcasting
  5493 | D:6      | Identified the +0 ring mail of Wu Jian's Whim {Dex+2 SInv}
  5522 | D:6      | Reached XP level 8. HP: 45/45 MP: 12/17
  5604 | D:6      | Reached skill level 5 in Fire Magic
  5626 | D:6      | Reached skill level 5 in Dodging
  5829 | D:6      | Elyvilon protects you from harm!
  5829 | D:6      | Elyvilon protects you from harm!
  6166 | D:6      | Noticed a cyclops
  6476 | D:6      | Killed a cyclops
  6477 | D:6      | Reached XP level 9. HP: 51/51 MP: 1/20
  6514 | D:6      | Reached skill level 6 in Fire Magic
  6658 | D:6      | Learned a level 4 spell: Flame Wave
  6729 | D:6      | Reached *** piety under Elyvilon
  7080 | D:6      | Reached skill level 5 in Invocations
  7824 | D:6      | Identified a scroll of acquirement
  7824 | D:6      | Acquired a +1 pair of boots of flying
  8106 | D:6      | Reached skill level 1 in Shields
  8136 | D:6      | Elyvilon protects you from harm!
  8281 | D:6      | Noticed a manticore
  8348 | D:6      | Noticed a troll
  8359 | D:6      | Killed a troll
  8690 | D:6      | Learned a level 2 spell: Blink
  8706 | D:6      | Killed a manticore
  8707 | D:6      | Reached XP level 10. HP: 58/58 MP: 14/23
  8897 | D:7      | Reached skill level 7 in Fire Magic
  9105 | D:7      | Found a transporter.
  9109 | D:7      | Noticed an ice statue
  9292 | D:7      | Found a staircase to the Ecumenical Temple.
  9373 | D:7      | Noticed an ice statue
  9374 | D:7      | Noticed diceflayer's ghost (novice DsGl)
  9393 | D:7      | Found a transporter.
  9607 | D:7      | Identified the +6 mace of the Wilderness {flame, rF+ Dex+3}
  9690 | D:7      | Found a hazy altar of Hepliaklqana.
  9813 | D:8      | Reached **** piety under Elyvilon
 10003 | D:8      | Found a hide-covered altar of Uskayaw.
 10148 | D:8      | Reached skill level 5 in Fighting
 11414 | D:9      | Reached ***** piety under Elyvilon
 11467 | D:9      | Noticed a gargoyle
 11484 | D:9      | Elyvilon protects you from harm!
 11487 | D:9      | Killed a gargoyle
 11653 | D:9      | Noticed a deep elf pyromancer
 11667 | D:9      | Killed a deep elf pyromancer
 11668 | D:9      | Reached XP level 11. HP: 64/64 MP: 10/26
 11839 | D:9      | Reached skill level 8 in Fire Magic
 12226 | D:9      | Learned a level 1 spell: Magic Dart
 12232 | D:9      | Learned a level 5 spell: Freezing Cloud
 12737 | D:10     | Entered Level 10 of the Dungeon
 12737 | D:10     | Noticed Josephine
 12745 | D:10     | Killed Josephine
 12746 | D:10     | Reached skill level 1 in Ice Magic
 12751 | D:10     | Reached skill level 1 in Air Magic
 14366 | D:10     | Reached skill level 9 in Fire Magic
 14615 | D:11     | Noticed Grum
 14622 | D:11     | Noticed a two-headed ogre
 14624 | D:11     | Killed Grum
 14625 | D:11     | Noticed a boulder beetle
 14625 | D:11     | Noticed Snorg
 14858 | D:10     | Killed a boulder beetle
 14859 | D:10     | Reached XP level 12. HP: 40/69 MP: 12/27
 15138 | D:11     | Killed a two-headed ogre
 15139 | D:11     | Reached skill level 10 in Spellcasting
 15460 | D:11     | Killed Snorg
 15701 | D:11     | Found a staircase to the Orcish Mines.
 16197 | D:11     | Found a hide-covered altar of Uskayaw.
 16352 | D:11     | Found a staircase to the Lair.
 16460 | Lair:1   | Entered Level 1 of the Lair of Beasts
 16460 | Lair:1   | Noticed a boulder beetle
 16471 | Lair:1   | Killed a boulder beetle
 17000 | Lair:1   | Learned a level 6 spell: Plasma Beam
 17036 | Lair:1   | Reached skill level 10 in Fire Magic
 17221 | Lair:1   | Paralysed by a hornet for 2 turns
 17739 | Lair:1   | Found a runed translucent gate.
 17739 | Lair:1   | Found a runed translucent gate.
 17739 | Lair:1   | Found a runed translucent gate.
 17752 | Lair:1   | Noticed harpo's ghost (journeyman MiFi)
 17752 | Lair:1   | Noticed rinqtmith's ghost (journeyman TrFi)
 18261 | Lair:2   | Reached skill level 5 in Air Magic
 18769 | Lair:2   | Found a staircase to the Shoals.
 19014 | Lair:2   | Reached skill level 11 in Fire Magic
 19117 | Lair:2   | Learned a level 3 spell: Stone Arrow
 19157 | Lair:2   | Reached XP level 13. HP: 69/74 MP: 3/30
 20041 | Lair:3   | Noticed Rupert
 20233 | Lair:3   | Found a staircase to the Snake Pit.
 20471 | Lair:3   | Noticed Sonja
 20477 | Lair:3   | Killed Sonja
 20903 | Lair:3   | Reached skill level 12 in Fire Magic
 21890 | Lair:4   | Found a dark tunnel.
 21928 | Volcano  | Entered a volcano
 21959 | Volcano  | Noticed a red draconian
 21970 | Volcano  | Killed a red draconian
 22641 | Lair:4   | HP: 3/74 [oklob plant/splash of acid (10)]
 22902 | Lair:4   | Reached skill level 13 in Fire Magic
 23659 | Lair:5   | Entered Level 5 of the Lair of Beasts
 23745 | Lair:5   | Reached XP level 14. HP: 53/80 MP: 1/32
 24896 | Lair:5   | Found a staircase to the Slime Pits.
 24897 | Lair:5   | Found a viscous altar of Jiyva.
 25631 | Lair:5   | Reached skill level 10 in Air Magic
 25632 | Lair:5   | Reached skill level 14 in Fire Magic
 26030 | Lair:5   | Found a one-way gate to the infinite horrors of the Abyss.
 26030 | Lair:5   | Found a corrupted altar of Lugonu.
 26500 | Lair:5   | Reached skill level 10 in Dodging
 27976 | Lair:5   | Got the Guidebook on the Dose and the Icicle
 28984 | D:2      | Bought a scroll of enchant armour for 90 gold pieces
 29425 | D:7      | Killed diceflayer's ghost
 29796 | Orc:1    | Entered Level 1 of the Orcish Mines
 29827 | Orc:1    | Noticed Maurice
 29829 | Orc:1    | Killed Maurice
 30217 | Orc:1    | Reached skill level 10 in Conjurations
 30580 | Orc:1    | Noticed an orc warlord
 30594 | Orc:1    | Killed an orc warlord
 30596 | Orc:1    | Reached skill level 1 in Evocations
 31178 | Orc:1    | Reached XP level 15. HP: 86/86 MP: 27/34
 31181 | Orc:1    | Reached skill level 1 in Staves
 31614 | Orc:2    | Entered Level 2 of the Orcish Mines
 31614 | Orc:2    | Found a staircase to the Elven Halls.
 32886 | Orc:2    | Reached ****** piety under Elyvilon
 32911 | Orc:2    | Reached skill level 15 in Fire Magic
 33174 | Orc:2    | Learned a level 8 spell: Ignition
 33909 | Orc:2    | Reached skill level 16 in Fire Magic
 34144 | Orc:2    | Found Ophoacof's Antique Weapon Shoppe.
 34172 | Orc:2    | Found Jaicycar's Book Shoppe.
 34389 | Orc:2    | Found Dolyi's Weapon Shoppe.
 34414 | Orc:2    | Found Fuiryzosch's Distillery.
 34420 | Orc:2    | Bought a potion of heal wounds for 70 gold pieces
 34420 | Orc:2    | Bought a potion of haste for 140 gold pieces
 34420 | Orc:2    | Bought a potion of haste for 140 gold pieces
 34420 | Orc:2    | Bought 2 potions of magic for 224 gold pieces
 35304 | D:12     | Noticed Fannar
 35306 | D:12     | Killed Fannar
 35366 | D:12     | Found Osooff's Firing Range.
 35371 | D:12     | Noticed Kirke
 35541 | D:12     | Killed Kirke
 35959 | D:12     | Reached skill level 17 in Fire Magic
 36570 | D:13     | Found Morah's Gadget Gallery.
 36578 | D:13     | Bought a wand of digging (7) for 382 gold pieces
 36578 | D:13     | Bought a wand of iceblast (5) for 156 gold pieces
 36578 | D:13     | Bought a wand of iceblast (6) for 187 gold pieces
 36578 | D:13     | Bought a lightning rod (4/4) for 390 gold pieces
 36962 | D:13     | Found a gateway to a bazaar.
 37162 | Bazaar   | Entered a bazaar
 37176 | Bazaar   | Found Dylyzuz's Armour Emporium.
 37176 | Bazaar   | Found Ypsas's Magic Scroll Shoppe.
 37181 | Bazaar   | Bought a scroll of teleportation for 51 gold pieces
 37181 | Bazaar   | Bought a scroll of teleportation for 51 gold pieces
 37204 | Bazaar   | Found Jiusi's Weapon Emporium.
 37204 | Bazaar   | Found Haxyny's General Store.
 37209 | Bazaar   | Bought a potion of heal wounds for 35 gold pieces
 37226 | Bazaar   | Found Sipp's Antique Weapon Emporium.
 37250 | Bazaar   | Found Ribun's Magic Scroll Emporium.
 37250 | Bazaar   | Found Pykkum's General Store.
 37255 | Bazaar   | Bought the Compendium of Amalgamated Pyromancy for 616 gold
                  | pieces
 37328 | Bazaar   | Bought a scroll of enchant armour for 127 gold pieces
 37367 | Bazaar   | Bought a scroll of blinking for 82 gold pieces
 37593 | D:14     | Found a gate to the Vaults.
 37596 | D:14     | Reached skill level 18 in Fire Magic
 37596 | D:14     | Noticed Frances
 37773 | D:14     | Killed Frances
 38272 | D:14     | Found a frozen archway.
 38319 | IceCv    | Entered an ice cave
 38570 | IceCv    | Found a transporter.
 38578 | IceCv    | Found a transporter.
 38590 | IceCv    | HP: 4/103 [white very ugly thing (16)]
 38590 | IceCv    | Elyvilon protects you from harm!
 38590 | IceCv    | Slain by a dire elephant simulacrum

Illustrated notes

Levels and vault maps discovered:
D:1:      lemuel_arrival_broad_hall, layout_basic,
          shapermc_ecumenical_altar_petra
D:2:      layout_rooms, serial_shops, nicolae_shop_pleasant_corner_grove,
          uniq_natasha, uniq_terence, uniq_jessica
D:3:      layout_basic, trog_three_pillars_becter,
          nicolae_dithmenos_shadow_blocks, nicolae_elyvilon_peaceful_grove,
          marbit_many_paths, mainiacjoe_overflow_divided_tiny, serial_shops,
          shop, minmay_crystal_water, hangedman_abyss_or_decor_stabs,
          chequers_serial_rivers_large_a
D:4:      layout_loops_cross, mainiacjoe_overflow_paths,
          mainiacjoe_overflow_small_starburst
D:5:      layout_loops_ring
D:6:      lemuel_castle_with_subvaults [lemuel_castle_interior_carwin_2],
          layout_basic, kb_rosetta
D:7:      layout_basic, kennysheep_mini_moat, temple_statues, nzn_ghost_randoct,
          minmay_crystal_room, minmay_misc_feat_tiny
D:8:      layout_gridville, mainiacjoe_overflow_six_doors_small
D:9:      layout_loops_ring, dilly_guarded_unrand_elemental_staff
D:10:     layout_rooms, dreamdust_princess_bridge, the_hattery, uniq_josephine
D:11:     layout_rooms, grunt_lair_entry_orc_guard_hut, orc_0_dummy,
          eat_drink_and_be_merry_uskayaw, uniq_grum, uniq_snorg
D:12:     layout_roguey, nicolae_shop_firing_range, uniq_kirke, uniq_fannar
D:13:     layout_loops_cross, serial_shops, bzr_entry_dummy,
          nicolae_shop_gadgets
D:14:     layout_rooms, david_vaults_3, portal_ice_cave_entry_ice_statue_two,
          nicolae_benzene_ring, uniq_frances
Lair:1:   beast_lair_carwin_large_1, layout_big_grid, gammafunk_ghost_cemetery,
          grunt_megastairs_2
Lair:2:   layout_gridlike, minmay_shoals_entry_hut, serial_bayou_crossing
Lair:3:   layout_concentric_octagons, dummy_snake_entry,
          dreamdust_mushroom_princess, cheibrodos_lair_caveside_slide,
          nzn_random_ring, uniq_sonja, uniq_prince_ribbit2, uniq_rupert
Lair:4:   layout_cave_shapes, nicolae_volcano_entry_hallway, st_stairs_7,
          columned_hall_lemuel, minmay_lair_oklob_bushes
Lair:5:   hellmonk_lair_end_abyssal_woods, layout_cave_pods,
          minmay_slime_entry_pillars, grunt_megastairs_1,
          infiniplex_staircase_pool_2, serial_bayou_shore_b
Orc:1:    orc_temple, layout_caves, uniq_maurice
Orc:2:    hellmonk_orc_salted, layout_diamond_mine
IceCv:    ice_cave_statue_garden_transporter

Skill      XL: |  1  2  3  4  5  6  7  8  9 10 11 12 13 14 15 |
---------------+----------------------------------------------+-----
Conjurations   | 2 3 4 5 6 7 8 9 10 | 10.2
Dodging        | 3 4 6 7 8 9 10 | 10.6
Invocations    | 1 2 3 4 5 7 8 9 |  9.4
Fighting       | 1 2 3 4 5 6 7 |  7.1
Spellcasting   | 4 5 6 7 9 11 12 13 | 13.9
Fire Magic     | 4 5 6 7 9 11 13 14 18 | 18.6
Shields        | 1 3 4 |  4.6
Ice Magic      | 2 4 |  4.0
Air Magic      | 2 5 9 10 | 10.7
Evocations     | 1 |  1.5
Staves         | 1 |  1.3
Stealth        | |  2.4

Action                     |  1- 3 |  4- 6 |  7- 9 | 10-12 | 13-15 || total
---------------------------+-------+-------+-------+-------+-------++-------
  Melee: Short sword       |       |     6 |    11 |     1 |       ||    18
         Mace              |       |       |       |     1 |       ||     1
         Staff             |       |       |       |    52 |   116 ||   168
         Unarmed           |       |       |       |       |    22 ||    22
  Throw: Dart              |       |       |       |     5 |       ||     5
   Cast: Foxfire           |    46 |    85 |   217 |   235 |   274 ||   857
         Scorch            |     6 |    17 |    42 |   113 |   118 ||   296
         Inner Flame       |       |     1 |     3 |    15 |    10 ||    29
         Volatile Blastmot |       |     1 |    11 |    14 |       ||    26
         Flame Wave        |       |       |     4 |    44 |    78 ||   126
         Magic Dart        |       |       |       |    34 |       ||    34
         Freezing Cloud    |       |       |       |     5 |    18 ||    23
         Blink             |       |       |       |     4 |     2 ||     6
         Plasma Beam       |       |       |       |       |   148 ||   148
         Ignition          |       |       |       |       |    17 ||    17
 Invoke: Heal Other        |       |       |       |    21 |     1 ||    22
         Heal Self         |       |       |       |     1 |     4 ||     5
         Purification      |       |       |       |       |     1 ||     1
         Divine Vigour     |       |       |       |       |     1 ||     1
  Evoke: Wand              |       |       |       |       |     5 ||     5
    Use: Scroll            |     5 |     5 |     6 |    12 |    12 ||    40
         Potion            |       |       |     1 |     1 |     8 ||    10
   Stab: Distracted        |       |       |       |       |     1 ||     1
 Armour: Robe              |       |     6 |    12 |       |       ||    18
         Steam dragon scal |       |       |       |    95 |   166 ||   261
  Dodge: Dodged            |     4 |    17 |    27 |   180 |   372 ||   600
  Block: Buckler           |       |       |     7 |    48 |   123 ||   178
